Map: Eternal Empire LE

Players

ShaDoWn

  • Race: Protoss Protoss
  • Spawn Location: 1:00

BratOK (Brat_OK) - Winner!

  • Race: Terran Terran
  • League: Master
  • Spawn Location: 7:00

Event: DreamHack SC2 Masters 2020 Summer Europe

VOD

Have the link to the VOD?

Description

Time

  • Played on: June 24, 2020, 11:46 a.m.
  • Length: 14:32

All games in this series

Show
View Real Time Build Order
Export as new Build Order

ShaDoWn Protoss 

Build Orders: 1 Gate Expand, Blink Stalkers 

Get SALT Encoding   

  12  0:00  Probe  
  13  0:12  Probe  
  14  0:18  Pylon  
  14  0:24  Probe  
  15  0:32  Probe  
  15  0:36  Gateway  
  15  0:40  Probe  
  16  0:47  Assimilator  
  17  0:51  Probe  
  18  1:03  Probe  
  19  1:15  Probe  
  20  1:22  Cybernetics Core  
  20  1:32  Nexus  
  20  1:38  Pylon  
  20  1:41  Probe  
  20  1:46  Assimilator  
  21  1:54  Probe  
  22  1:59  Adept, Warp Gate  
  24  2:06  Probe  
  25  2:15  Probe  
  26  2:23  Probe  
  26  2:25  Twilight Council  
  27  2:31  Stalker  
  27  2:32  Probe  
  30  2:40  Probe x2  
  31  2:48  Probe x2  
  32  2:53  Robotics Facility  
  32  2:56  Blink  
  34  2:58  Probe x2  
  36  3:10  Probe x2  
  38  3:16  Gateway  
  38  3:22  Probe  
  38  3:26  Gateway  
  39  3:32  Gateway  
  39  3:34  Probe  
  39  3:35  Probe  
  39  3:40  Observer  
  42  3:41  Pylon  
  42  3:47  Stalker, Probe  
  45  3:49  Probe  
  45  3:51  Assimilator  
  45  3:54  Warp Prism, Pylon  
  48  4:06  Probe  
  49  4:10  Stalker  
  49  4:12  Stalker  
  49  4:14  Probe  
  54  4:19  Probe  
  54  4:23  Stalker  
  57  4:27  Stalker  
  60  4:35  Probe  
  60  4:36  Pylon  
  60  4:38  Stalker  
  62  4:42  Pylon  
  62  4:45  Assimilator  
  62  4:54  Probe x2  
  63  5:00  Stalker x3  
  63  5:01  Stalker  
  63  5:06  Probe x2  
  73  5:15  Robotics Bay  
  73  5:19  Probe  
  72  5:25  Nexus  
  72  5:27  Pylon  
  72  5:32  Probe  
  72  5:33  Probe  
  74  5:38  Immortal  
  74  5:44  Probe  
  74  5:45  Probe  
  80  5:57  Probe x2  
  71  6:04  Colossus, Extended Thermal Lance  
  68  6:09  Probe x2  
  76  6:19  Probe  
  76  6:20  Probe  
  76  6:21  Stalker  
  76  6:22  Sentry, Forge  
  76  6:23  Sentry  
  84  6:27  Probe  
  84  6:28  Probe  
  86  6:35  Shield Battery, Charge  
  86  6:38  Probe  
  87  6:42  Colossus  
  87  6:47  Protoss Ground Weapons Level 1  
  87  6:50  Probe  
  87  6:52  Probe  
  89  6:55  Probe  
  89  6:59  Gateway  
  89  7:00  Sentry, Zealot  
  100  7:02  Gateway  
  100  7:04  Assimilator  
  100  7:06  Photon Cannon, Assimilator  
  100  7:09  Pylon  
  100  7:10  Gateway  
  100  7:11  Gateway  
  100  7:14  Probe  
  101  7:27  Templar Archives  
  101  7:29  Pylon  
  101  7:30  Pylon  
  101  7:31  Colossus  
  101  7:32  Pylon  
  107  7:38  Probe  
  108  7:45  Probe  
  108  7:47  Gateway  
  108  7:52  Stalker x3  
  108  7:57  Nexus  
  114  8:04  Pylon  
  114  8:09  High Templar x2, Zealot x3  
  114  8:11  Probe x3  
  127  8:13  Archon  
  127  8:15  Photon Cannon  
  127  8:17  Photon Cannon  
  127  8:23  Probe  
  128  8:27  Photon Cannon, Probe  
  128  8:30  Assimilator, Probe  
  128  8:32  Immortal  
  128  8:34  Assimilator  
  134  8:35  Probe  
  134  8:39  Probe  
  136  8:42  Gateway  
  136  8:44  Gateway  
  136  8:45  Probe  
  136  8:47  Probe  
  138  8:51  Probe  
  138  8:54  Zealot  
  141  8:56  Protoss Ground Weapons Level 2  
  141  8:57  Pylon  
  141  9:02  Probe  
  140  9:13  Immortal  
  140  9:15  Probe  
  140  9:16  Probe  
  146  9:18  Probe  
  147  9:29  Forge  
  147  9:32  Dark Shrine  
  147  9:33  Pylon  
  147  9:34  Gateway  
  147  9:36  Gateway  
  145  9:40  Photon Cannon  
  145  9:52  Nexus  
  145  9:53  Pylon x2  
  145  9:54  Pylon  
  145  9:58  Gateway  
  145  9:59  Pylon  
  143  10:00  Gateway  
  143  10:02  High Templar x8  
  143  10:03  High Templar  
  161  10:07  Archon x3  
  161  10:09  Archon  
  161  10:18  Zealot x2  
  161  10:19  Pylon  
  160  10:29  Zealot  
  160  10:34  Zealot x3  
  160  10:35  Zealot x7  
  175  10:41  Probe  
  175  10:42  Probe  
  127  10:51  Zealot x3  
  127  10:52  Probe  
  98  10:59  Zealot x3  
  98  11:03  Zealot  
  98  11:04  Zealot x4  
  98  11:10  Zealot x2  
  98  11:11  Zealot x9  
  92  11:19  Observer, Zealot x2  
  92  11:20  Zealot  
  93  11:27  Immortal  
  93  11:32  High Templar x10  
  95  11:38  Archon  
  95  11:39  Archon x4  
  99  11:49  Zealot x3  
  99  11:53  Assimilator x2  
  105  12:00  Immortal  
  105  12:06  Dark Templar  
  105  12:07  Zealot x5  
  105  12:08  Zealot  
  123  12:11  High Templar x2  
  123  12:15  Archon  
  127  12:25  Probe  
  127  12:28  Immortal  
  128  12:33  Probe  
  129  12:42  Nexus  
  133  12:50  Photon Cannon  
  133  12:53  Stalker x2  
  133  12:54  Zealot x6  
  133  12:57  Pylon  
  133  12:58  Probe  
  148  13:01  Observer  
  144  13:17  Zealot x7  
  154  13:22  Probe  
  155  13:28  Observer  
  155  13:29  Probe  
  110  13:45  Stalker x2  
  97  14:00  Dark Templar, High Templar  
  93  14:03  High Templar x7, Zealot x2  
  93  14:09  Archon x3  
  103  14:11  Assimilator, Archon  
  107  14:18  Zealot x2  
  105  14:28  Zealot x2  
Show
View Real Time Build Order
Export as new Build Order

BratOK Terran - Winner!

Build Orders: Mech 

Get SALT Encoding   

  12  0:01  SCV  
  13  0:13  SCV  
  14  0:17  Supply Depot  
  14  0:25  SCV  
  15  0:38  SCV  
  15  0:40  Barracks  
  16  0:44  Refinery  
  16  0:50  SCV  
  17  1:03  SCV  
  18  1:15  SCV  
  19  1:27  Barracks Reactor  
  19  1:28  Orbital Command  
  19  1:42  Command Center  
  19  1:51  Supply Depot  
  19  1:54  SCV  
  20  2:04  Marine x2  
  20  2:08  SCV  
  23  2:15  Factory  
  23  2:21  Bunker  
  23  2:22  Marine  
  23  2:23  Marine  
  23  2:26  SCV  
  26  2:38  SCV  
  27  2:50  SCV  
  28  2:57  Orbital Command  
  28  3:00  Factory Tech Lab  
  28  3:02  SCV  
  29  3:07  Command Center  
  29  3:11  Marine x2  
  31  3:19  SCV  
  32  3:21  Siege Tank  
  32  3:24  Refinery  
  35  3:29  SCV  
  35  3:30  Marine  
  35  3:31  Marine  
  38  3:34  SCV  
  39  3:42  Supply Depot  
  39  3:43  SCV  
  39  3:46  SCV  
  41  3:49  Marine x2  
  41  3:53  Siege Tank  
  46  4:04  SCV x2  
  46  4:06  Supply Depot  
  48  4:16  Factory, SCV  
  49  4:18  SCV  
  49  4:20  Refinery, Orbital Command  
  49  4:21  Refinery  
  50  4:24  Engineering Bay  
  50  4:28  SCV  
  50  4:31  Siege Tank  
  54  4:32  SCV  
  55  4:40  SCV  
  56  4:48  SCV x2  
  56  4:49  Armory  
  58  4:53  Missile Turret  
  58  4:58  SCV  
  59  5:02  Missile Turret  
  58  5:07  Siege Tank  
  58  5:08  SCV x2  
  63  5:14  Supply Depot  
  63  5:17  Hellion x2  
  63  5:20  Missile Turret  
  67  5:22  SCV x2  
  67  5:25  Factory  
  67  5:27  SCV  
  70  5:34  SCV x2  
  72  5:39  Terran Vehicle Weapons Level 1, Barracks Tech Lab, SCV  
  70  5:46  SCV x2  
  68  5:50  Siege Tank  
  68  5:55  SCV  
  70  6:00  SCV x2  
  72  6:07  SCV  
  73  6:12  SCV  
  74  6:19  SCV  
  74  6:20  Siege Tank  
  74  6:21  Hellion, Missile Turret  
  80  6:27  Siege Tank  
  80  6:29  SCV x2  
  85  6:33  Supply Depot x3  
  84  6:46  SCV x2  
  81  6:57  Siege Tank  
  81  6:58  Factory  
  84  7:02  Barracks Reactor  
  84  7:03  Armory  
  84  7:05  SCV x2  
  84  7:06  Missile Turret  
  86  7:10  Factory  
  86  7:12  Orbital Command  
  86  7:13  Siege Tank  
  86  7:14  Hellion x2  
  92  7:17  SCV  
  92  7:18  SCV  
  94  7:29  Supply Depot  
  95  7:30  SCV x2  
  96  7:38  SCV  
  96  7:42  SCV x2  
  96  7:50  Terran Vehicle Weapons Level 2, SCV, Terran Vehicle And Ship Armor Level 1  
  95  7:53  Refinery x2  
  95  7:54  SCV  
  95  7:55  SCV  
  95  7:56  Factory Tech Lab  
  97  8:02  SCV, Missile Turret  
  98  8:06  SCV  
  98  8:07  Siege Tank, SCV  
  98  8:08  Hellion x3  
  98  8:12  Supply Depot  
  109  8:16  SCV  
  109  8:18  SCV  
  111  8:25  Supply Depot  
  111  8:26  Thor  
  111  8:27  Supply Depot  
  117  8:29  Supply Depot  
  117  8:34  SCV  
  117  8:36  Missile Turret  
  117  8:37  Missile Turret  
  117  8:39  Thor  
  117  8:40  Hellion x2  
  117  8:41  Infernal Pre-Igniter, Hellion  
  130  8:43  Drilling Claws  
  130  8:52  Supply Depot  
  130  8:53  Thor  
  130  8:54  Hellion  
  138  9:00  Supply Depot x2  
  134  9:10  Siege Tank  
  134  9:11  Widow Mine x2  
  139  9:22  Siege Tank, Widow Mine x2  
  146  9:32  Widow Mine  
  146  9:36  Siege Tank  
  150  9:39  Factory  
  150  9:40  Factory  
  150  9:42  Command Center  
  150  9:43  Supply Depot, Factory  
  150  9:46  Siege Tank, Widow Mine x2  
  157  9:53  Widow Mine  
  157  9:54  Widow Mine  
  157  9:55  Siege Tank  
  157  9:57  Supply Depot  
  162  10:01  Supply Depot  
  162  10:13  Missile Turret  
  162  10:20  Siege Tank x2  
  162  10:21  Widow Mine x4  
  176  10:25  Factory Reactor, Factory Tech Lab  
  176  10:27  Widow Mine  
  176  10:42  Widow Mine x2  
  170  10:45  Siege Tank  
  170  10:46  Hellion  
  170  10:48  Siege Tank  
  151  10:52  Siege Tank  
  151  10:53  Hellion x2  
  149  10:58  Mag-Field Accelerator  
  140  11:08  Cyclone  
  140  11:09  Widow Mine x2, Hellion  
  140  11:18  Cyclone  
  141  11:19  Widow Mine  
  141  11:20  Cyclone  
  141  11:25  Factory Tech Lab  
  135  11:33  Cyclone  
  135  11:37  Missile Turret  
  135  11:39  Planetary Fortress, Command Center  
  138  11:40  Cyclone  
  141  11:51  Refinery x2  
  141  11:53  Smart Servos  
  141  11:55  Cyclone  
  144  12:06  SCV x3  
  147  12:09  Cyclone x2  
  147  12:10  Widow Mine x3  
  159  12:19  Cyclone x2  
  159  12:20  Hellion  
  159  12:22  SCV x2  
  162  12:38  Missile Turret  
  162  12:41  Missile Turret  
  162  12:55  Missile Turret  
  162  12:56  Missile Turret  
  160  13:07  Cyclone  
  160  13:08  Cyclone x2, Widow Mine x2  
  171  13:22  Cyclone x2  
  173  13:33  Hellion x3  
  168  13:40  Cyclone x3  
  161  13:41  Widow Mine  
  161  13:45  Unknown  
  161  13:53  Hellion  
  161  13:54  Cyclone x2  
Tags
 
Add a new tag
Caveats
  • Supply blocks, unpowered buildings, or Contaminate may cause inaccurate times.
  • Supply counts are checked every 10 seconds.